 Dungeon Crawl Stone Soup version 0.31-a0-965-g8a8ce12e04 (webtiles) character file.

Game seed: 1856697854541969807

11 Maratek the Trooper (level 2, 24/24 HPs)
             Began as a Demonspawn Fighter on Oct 26, 2023.
             Quit the game on level 1 of the Dungeon.
             The game lasted 00:00:30 (229 turns).

Maratek the Trooper (Demonspawn Fighter)             Turns: 229, Time: 00:00:31

Health: 24/24      AC:  6    Str: 16    XL:     2   Next: 13%
Magic:  2/2        EV:  8    Int:  9    God:
Gold:   26         SH:  4    Dex: 12    Spells: 1/1 levels left

rFire   . . .        a - +0 trident
rCold   . . .        c - +0 buckler
rNeg    . . .        b - +0 scale mail
rPois   .            (no helmet)
rElec   .            (no cloak)
rCorr   .            (no gloves)
SInv    .            (no boots)
Will    .....        (no amulet) Stlth
                     (no ring)
HPRegen 0.24/turn    (no ring)
MPRegen 0.08/turn

%: no passive effects
@: no status effects
A: claws 1
a: no special abilities


You were on level 1 of the Dungeon.
You visited 1 branch of the dungeon, and saw 1 of its levels.

You collected 26 gold pieces.

Inventory:

Hand Weapons
 a - a +0 trident (weapon)
Armour
 b - a +0 scale mail (worn)
 c - a +0 buckler (worn)
Scrolls
 e - a scroll of brand weapon {unknown}
 f - a scroll of fog {unknown}
Potions
 d - a potion of might


   Skills:
 + Level 3.1 Fighting
 + Level 1.8 Polearms
 + Level 2.9 Armour
 + Level 2.9 Shields


You had one spell level left.
You didn't know any spells.
Your spell library was empty.

Dungeon Overview and Level Annotations

Branches:
Dungeon (1/15)

Altars:


Innate Abilities, Weirdness & Mutations

You have sharp fingernails.


Message History

The ball python constricts you.
You puncture the ball python!
You kill the ball python!
No target in view!
You now have 18 gold pieces (gained 11).
A quokka and a kobold come into view.
The kobold is wielding a +0 dagger of speed.
The kobold shouts!
There are monsters nearby!
There are monsters nearby!
You reach to attack!
You puncture the quokka!
You kill the quokka!
You have reached level 2!
Your demonic ancestry asserts itself...
Your fingernails lengthen.
You reach to attack!
You hit the kobold.
The kobold is heavily wounded.
You barely miss the kobold.
The kobold is heavily wounded.
The kobold hits you with a +0 dagger of speed. x2
You hit the kobold.
You kill the kobold!
No target in view!
No target in view!
A kobold comes into view. It is wielding a +0 club.
A kobold is nearby!
Found 6 stones.
The kobold shouts!
You see here a +0 dagger of speed.
The kobold throws a stone.
The stone closely misses you.
You see here a quokka corpse.
You reach to attack!
You barely miss the kobold. You closely miss the kobold.
The kobold closely misses you.
You hit the kobold.
You kill the kobold!
No target in view!
No target in view!
You now have 26 gold pieces (gained 8).
f - a scroll labelled KIARIMP PO JAK Are you sure you want to abandon this character and quit the game? (Confirm with "yes".)

#.# #.# #.# #.# .# #.#
#.# #.# #.# #.#
##.########. #.#
##........... #.#
#.......#### #.#
#....†...## #########
#.#..#....# #@.......
#.##......# #.#######
#.#.......# #.#
#.#.#.###.#
#.########### #.#...#
#.# #.#.........#
#.#...###.#
#.....#####.#
#.#.......# ###.#.#
#.#..##.######....#####
#.#..##.##............#


There were no monsters in sight!

Vanquished Creatures
  A dart slug (D:1)
  An endoplasm (D:1)
  A goblin (D:1)
  A quokka (D:1)
  A ball python (D:1)
  3 kobolds (D:1)
  A rat (D:1)
9 creatures vanquished.

Notes
Turn   | Place    | Note
-------+----------+-------------------------------------------
     0 | D:1      | Maratek the Demonspawn Fighter began the quest for the Orb.
     0 | D:1      | Reached XP level 1. HP: 18/18 MP: 1/1
   184 | D:1      | Gained mutation: You have sharp fingernails. [demonic
                  | ancestry]
   184 | D:1      | Reached XP level 2. HP: 24/24 MP: 2/2
   229 | D:1      | Quit the game

Illustrated notes

Levels and vault maps discovered:
D:1:      evilmike_arrival_plus, layout_loops_ring

Action                     || total
---------------------------++-------
  Melee: Trident           ||    20
 Armour: Scale mail        ||     8
  Dodge: Dodged            ||     5
  Block: Buckler           ||     1

Table legend: (Time is in decaauts)
 A = Elapsed time spent in this place.
 B = Non-inter-level travel time spent in this place.
 C = Inter-level travel time spent in this place.
 D = Time resting spent in this place.
 E = Time spent auto-exploring this place.
 F = Levels seen in this place.
 G = Mean time per level.
                   A        B        C        D        E       F      G
               +--------+--------+--------+--------+--------+-----+--------+
         Total |    234 |    234 |      0 |      0 |    186 |   1 |  234.0 |
       Dungeon |    234 |    234 |      0 |      0 |    186 |   1 |  234.0 |
               +--------+--------+--------+--------+--------+-----+--------+

Top non-repeatable levels by time:
     D:1: 234 daAuts
